 Dungeon Crawl Stone Soup version 0.21.1-1-g345015f (webtiles) character file.

46 Mgcat the Cudgeler (level 3, -3/34 HPs)
             Began as a Gargoyle Gladiator on Mar 21, 2018.
             Slain by Sigmund
             ... wielding a +0 scythe
              (10 damage)
             ... on level 3 of the Dungeon.
             The game lasted 00:03:19 (632 turns).

Mgcat the Cudgeler (Gargoyle Gladiator)              Turns: 632, Time: 00:03:19

Health: -3/34      AC:  7    Str: 23    XL:     3   Next: 66%
Magic:  3/3        EV: 12    Int:  8    God:
Gold:   19         SH:  0    Dex: 11    Spells: 2/2 levels left

rFire    . . .     SeeInvis .   a - +0 flail
rCold    . . .     Gourm    .   (no shield)
rNeg     + + .     Faith    .   b - +0 leather armour
rPois    ∞         Spirit   .   c - +0 helmet
rElec    +         Reflect  .   (no cloak)
rCorr    .         Harm     .   (no gloves)
MR       .....                  (no boots)
Stlth    ..........             (no amulet)
HPRegen  0.11/turn              g - ring of positive energy {rN+}
MPRegen  0.08/turn              (no ring)

@: confused, berserking (expiring), very quick
A: negative energy resistance 1, electricity resistance, unbreathing,
petrification resistance, rot immunity, AC +3
a: no special abilities


You were on level 3 of the Dungeon.
You were not hungry.

You visited 1 branch of the dungeon, and saw 4 of its levels.

You collected 19 gold pieces.

Inventory:

Hand Weapons
 a - a +0 flail (weapon)
Missiles
 d - 3 throwing nets {=f, !d}
 k - 4 tomahawks (quivered)
Armour
 b - a +0 leather armour (worn)
 c - a +0 helmet (worn)
Jewellery
 g - a ring of positive energy (left hand) {rN+}
   (You found it on level 1 of the Dungeon)
Scrolls
 h - 2 scrolls of identify {unknown}
 m - a scroll of amnesia {unknown}
 n - a scroll of enchant armour {unknown}
 p - a scroll of teleportation {unknown}
 q - a scroll of remove curse {unknown}
Potions
 e - a potion of lignification {!q}
 o - a potion of resistance {unknown}
Comestibles
 f - a ration
 i - 3 chunks of flesh {@w0}


   Skills:
 + Level 3.4 Fighting
 + Level 3.8 Maces & Flails
 - Level 1.7 Throwing
 - Level 2.4 Dodging


You had 2 spell levels left.
You didn't know any spells.

Dungeon Overview and Level Annotations

Branches:
Dungeon (4/15)
 Temple: D:4-7

Altars:

Annotations:
D:3 Sigmund
D:4 Natasha


Innate Abilities, Weirdness & Mutations

You are resistant to torment.
Your stone body is resilient. (AC +3)
You are immune to poison.
You resist negative energy. (rN+)
You are resistant to electric shocks. (rElec)
You can survive without breathing.
You are immune to petrification.
You are immune to rotting.


Message History

Sigmund shouts!
The jackal barks! x3; You hear an angry hiss.
Found a glowing hand axe and 3 green potions.
Found a stone staircase leading up and a stone staircase leading down.
There is a stone staircase leading up here.
Unknown command.
Unknown command.
Unknown command.
The jackal barks!
Sigmund closely misses you.
You climb upwards.
There is a stone staircase leading down here.
You closely miss Sigmund. You barely miss Sigmund.
Sigmund completely misses you.
It was a potion of curing.
You feel better. Sigmund barely misses you.
It was a potion of lignification.
You turn into a tree.
Your +0 helmet melds into your body.
Your +0 leather armour melds into your body.
Your roots penetrate the ground.
You closely miss Sigmund. Sigmund hits you with a scythe.
You hit Sigmund but do no damage. Sigmund hits you but does no damage.
You hit Sigmund but do no damage. Sigmund hits you but does no damage.
You barely miss Sigmund. Sigmund hits you but does no damage.
You hit Sigmund but do no damage. You hit Sigmund.
Sigmund is lightly wounded.
Sigmund says, "Look into my eyes."
Sigmund hits you but does no damage.
You hit Sigmund but do no damage.
Sigmund is lightly wounded.
Sigmund hits you with a scythe.
You hit Sigmund.
Sigmund is lightly wounded.
Sigmund hits you but does no damage.
You closely miss Sigmund.
Sigmund is lightly wounded.
Sigmund points at you and mumbles some strange words.
The magic dart hits you!
You sock Sigmund!
Sigmund is heavily wounded.
Sigmund hits you but does no damage.
You barely miss Sigmund.
Sigmund is heavily wounded.
Sigmund gestures wildly while chanting.
Sigmund flickers and vanishes!
Deactivating autopickup; reactivate with Ctrl-A.
You miss something. Something hits you!
You closely miss something.
You hear some strange, mumbled words.
A puff of flame appears from out of thin air!
The puff of flame hits you!
You miss something.
You hear some strange, mumbled words.
You are confused.
You cannot move. (Use ctrl+direction to attack without moving.)
You cannot move. (Use ctrl+direction to attack without moving.)
You cannot move. (Use ctrl+direction to attack without moving.)
You cannot move. (Use ctrl+direction to attack without moving.)
You cannot move. (Use ctrl+direction to attack without moving.)
You cannot move. (Use ctrl+direction to attack without moving.)
You cannot move. (Use ctrl+direction to attack without moving.)
You cannot move. (Use ctrl+direction to attack without moving.)
You cannot move. (Use ctrl+direction to attack without moving.)
You swing at nothing.
Your transformation is almost over.
Something hits you but does no damage.
You swing at nothing.
Something hits you but does no damage.
You completely miss something.
You swing at nothing.
Something hits you but does no damage.
You swing at nothing.
You feel less confused. Something hits you.
You hit something. Something hits you but does no damage.
You closely miss something.
You hear some strange, mumbled words.
Something tries to affect you, but you resist.
You closely miss something. Something hits you.
You closely miss something.
You feel less wooden.
Your +0 helmet unmelds from your body.
Your +0 leather armour unmelds from your body.
You hear some strange, mumbled words.
Something tries to affect you, but you resist.
You feel better. Something hits you!
You barely miss something. You closely miss something.
You hear some strange, mumbled words.
You are confused.
Something hits you but does no damage.
It was a potion of berserk rage.
A red film seems to cover your vision as you go berserk!
You feel yourself moving faster!
You feel mighty!
You bump into the rock wall.
You feel a strong urge to attack something.
Something hits you!
* * * LOW HITPOINT WARNING * * *
You closely miss something.
You bump into the rock wall.
Something hits you but does no damage.
You feel a strong urge to attack something.
You're too confused to move!
Something hits you!
You die...

#......#
#......####..
#............
#.......###.#
#<##.##.# )#
#.##.##.# .#
##.##....## .#
...........##.#
...#######.>@.#
##. #{#### #.
#.# #. #.. #.#
#.# #.# ..


There were no monsters in sight!

Vanquished Creatures
  2 adders (D:2)
  An ooze (D:2)
  A dart slug (D:2)
  4 bats
  A giant cockroach (D:1)
  2 goblins (D:1)
  A hobgoblin (D:2)
  3 jackals (D:2)
  3 kobolds
  2 frilled lizards (D:2)
  2 rats
22 creatures vanquished.

Notes
Turn   | Place    | Note
-------+----------+-------------------------------------------
     0 | D:1      | Mgcat the Gargoyle Gladiator began the quest for the Orb.
     0 | D:1      | Reached XP level 1. HP: 12/12 MP: 1/1
   165 | D:2      | HP: 1/13 [adder (4)]
   167 | D:2      | Reached XP level 2. HP: 2/18 MP: 2/2
   219 | D:2      | HP: 4/18 [jackal (1)]
   237 | D:2      | Reached skill level 3 in Fighting
   484 | D:2      | Reached XP level 3. HP: 18/23 MP: 3/3
   594 | D:4      | Noticed Sigmund
   596 | D:4      | Noticed Natasha
   628 | D:3      | HP: 7/34 [something (9)]
   632 | D:3      | Slain by Sigmund

Skill      XL: |  1  2 |
---------------+-------+-----
Fighting       | 3 |  3.4
Maces & Flails | |  3.8
Throwing       | |  1.7
Dodging        | |  2.4

Action                   || total
-------------------------++-------
Melee: Flail             ||   109
  Use: Potion            ||     4
Armor: Leather armour    ||    63
       Skin              ||     8
Dodge: Dodged            ||    99

Vault maps used:
D:1:      minmay_arrival_loop
D:2:      chequers_ecumenical_altar_simple_redux
D:4:      grunt_temple_overflow_champion_of_chaos,
          nicolae_overflow_hidden_temple, uniq_natasha, uniq_sigmund

Table legend:
 A = Turns spent in this place as a percentage of turns spent in the entire game.
 B = Non-inter-level travel turns spent in this place as a percentage of non-inter-level travel turns spent in the entire game.
 C = Inter-level travel turns spent in this place as a percentage of turns spent in this place.
 D = Turns resting spent in this place as a percentage of non-inter-level travel turns spent in this place.
 E = Turns spent auto-exploring this place as a percentage of non-inter-level travel turns spent in this place.
 F = Non-inter-level travel turns spent in this place divided by the number of levels of this place that you've seen.
                   A       B       C       D       E      F
               +-------+-------+-------+-------+-------+----------------------
         Total | 100.0 | 100.0 |   0.0 |   0.9 |  60.6 | 158.0
       Dungeon | 100.0 | 100.0 |   0.0 |   0.9 |  60.6 | 158.0
               +-------+-------+-------+-------+-------+----------------------

Table legend:
 A = Kills in this place as a percentage of kills in entire the game.
 B = Kills by you in this place as a percentage of kills by you in the entire game.
 C = Kills by friends in this place as a percentage of kills by friends in the entire game.
 D = Other kills in this place as a percentage of other kills in the entire game.
 E = Experience gained in this place as a percentage of experience gained in the entire game.
 F = Experience gained in this place divided by the number of levels of this place that you have seen.
                   A       B       C       D       E      F
               +-------+-------+-------+-------+-------+----------------------
         Total | 100.0 | 100.0 |   N/A |   N/A | 100.0 |  16.5
       Dungeon | 100.0 | 100.0 |   N/A |   N/A | 100.0 |  16.5
               +-------+-------+-------+-------+-------+----------------------
